AoeStats
← 海峡

Migration

505359790Analyzed
1v1 RM · 24d ago on Sep 9, 2026· 24m 4s· 2 players
Game mode
Random Map
Map size
132×132
Population
200
Speed
Normal
Resources
Standard
Victory
Conquest
Starting age
Dark Age
Ending age
Imperial Age
RankedLock teamsTeams togetherTeam positionsShared explorationLock speedFull tech treeHidden civsTurbo modeCheats
Victory
Defeat
🇦🇺 Bengalis · Australia
1684
+14
🇨🇳 Italians · China
1651
-14
海峡
12:31 Feudal Age
13:09 Double-Bit Axe
16:41 Castle Age
15:40 Forging
15:25 Fishing Lines
16:32 Gold Mining
17:45 Wheelbarrow
17:15 Gillnets
17:38 Bow Saw
17:48 Medium Warships
18:47 Iron Casting
18:52 Clinker Construction
18:56 Loom
20:38 Fletching
21:44 Bodkin Arrow
22:36 Ballistics
PowerBug96
9:41 Loom
12:36 Feudal Age
13:34 Fishing Lines
16:10 Castle Age
15:30 Forging
15:08 Double-Bit Axe
17:05 Bow Saw
17:26 Medium Warships
17:06 Gillnets
18:20 Iron Casting
19:54 Clinker Construction
20:47 Town Watch
21:22 Gillnets
Connection lost

Rejoining the realm…

Still unreachable

The connection could not be restored.

Session expired

The server has moved on; the page needs a fresh start.